 Dungeon Crawl Stone Soup version 0.28.0-53-g5a82cb258f (webtiles) character file.

Game seed: 515472329257840438

16 moldycheese5 the Firebug (level 2, -3/20 HPs)
             Began as a Draconian Fire Elementalist on June 17, 2022.
             Slain by a gnoll
             ... wielding a +0 club
              (7 damage)
             ... on level 2 of the Dungeon.
             The game lasted 00:01:47 (1271 turns).

moldycheese5 the Firebug (DrFE)                     Turns: 1271, Time: 00:01:48

Health: -3/20      AC:  4    Str: 10    XL:     2   Next: 41%
Magic:  1/5        EV: 12    Int: 15    God:
Gold:   31         SH:  0    Dex: 11    Spells: 4/5 levels left

rFire   . . .      SeeInvis .   (no weapon)
rCold   . . .      Faith    .   (no shield)
rNeg    . . .      Spirit   .   (armour unavailable)
rPois   .          Reflect  .   (helmet restricted)
rElec   .          Harm     .   (no cloak)
rCorr   .          Rampage  .   (no gloves)
Will    .....                   (no boots)
Stlth   ++........              (no amulet)
HPRegen 0.06/turn               (no ring)
MPRegen 0.09/turn               (no ring)

@: no status effects
A: AC +4, unfitting armour, cold-blooded
a: no special abilities


You were on level 2 of the Dungeon.
You visited 1 branch of the dungeon, and saw 2 of its levels.

You collected 31 gold pieces.

Inventory:

Scrolls
 b - a scroll of vulnerability {unknown}
 f - a scroll of enchant armour {unknown}
Potions
 a - 2 potions of flight {unknown}
 c - a potion of might {unknown}
 d - 2 potions of berserk rage {unknown}
 e - a potion of curing {unknown}
 g - a potion of attraction {unknown}


   Skills:
 + Level 1.9 Dodging
 + Level 1.9 Stealth
 + Level 2.1 Spellcasting
 + Level 1.2 Conjurations
 + Level 3.4 Fire Magic


You had 4 spell levels left.
You knew the following spells:

 Your Spells              Type           Power      Damage    Failure   Level
a - Foxfire               Conj/Fire      32%        2x1d5     9%          1

Your spell library contained the following spells:

 Spells                   Type           Power      Damage    Failure   Level
 Scorch                   Fire           22%        2d6       9%          2
 Conjure Flame            Conj/Fire      8%         6-21      26%         3
 Inner Flame              Hex/Fire       6%         N/A       32%         3
 Flame Wave               Conj/Fire      8%         2d5       63%         4


Dungeon Overview and Level Annotations

Branches:
Dungeon (2/15)

Altars:


Innate Abilities, Weirdness & Mutations

Your plain brown scales are hard. (AC +4)
You cannot fit into any form of body armour.
You are cold-blooded and may be slowed by cold attacks.


Message History

The gnoll hits you with a +0 whip.
Casting: Foxfire (safe; 9% risk of failure)
Press: ? - help, Q - select action Dir - look around, f - activate You conjure some foxfire!
The foxfire hits the gnoll.
The gnoll is moderately wounded.
Your foxfire dissipates!
Casting: Foxfire (safe; 9% risk of failure)
Press: ? - help, Q - select action Dir - look around, f - activate You conjure some foxfire!
The gnoll misses you.
You don't have enough magic to cast this spell.
Your foxfire dissipates!
You don't have enough magic to cast this spell.
You don't have enough magic to cast this spell.
You barely miss the gnoll. You tail-slap the gnoll.
The gnoll is heavily wounded.
The gnoll closely misses you.
You barely miss the gnoll.
Your tail-slap misses the gnoll.
The gnoll is heavily wounded.
The gnoll hits you with a +0 club.
You hit the gnoll.
The gnoll is severely wounded.
The gnoll barely misses you.
You barely miss the gnoll.
The gnoll is severely wounded.
The gnoll hits you with a +0 club.
* * * LOW HITPOINT WARNING * * *
You barely miss the gnoll.
The gnoll is severely wounded.
The gnoll hits you with a +0 club.
* * * LOW HITPOINT WARNING * * *
You hit the gnoll but do no damage.
The gnoll is severely wounded.
The gnoll barely misses you.
You barely miss the gnoll.
Your tail-slap misses the gnoll.
The gnoll is severely wounded.
A gnoll comes into view. It is wielding a +0 spear.
The gnoll hits you with a +0 club!
You die...

.#####.# #.# .# #.# #.#
.# #.#######.# .#
#.........# .#
###########. ###
######........... ...#
.#.)...##..#########..#
.#.###..#....#...#..§.#
.#...##.#..#.#.#@#.#.§#
####.# .#..#.#.#g#.# .#
.....# .#..#.#.#g#.# #
####.# ....#.#.#.#.# .#
..# ##..#.#.#.#.#
.#.### #..#.#.#.#.# .#.
##.#...#.g.# ##
#########


You could see 3 gnolls.

Vanquished Creatures
  A dart slug (D:1)
  A giant cockroach (D:1)
  3 hobgoblins
  3 bats (D:1)
  A frilled lizard (D:1)
  A goblin (D:2)
  5 rats
15 creatures vanquished.

Vanquished Creatures (others)
  28 foxfires
28 creatures vanquished.

Grand Total: 43 creatures vanquished

Notes
Turn   | Place    | Note
-------+----------+-------------------------------------------
     0 | D:1      | moldycheese5 the Draconian Fire Elementalist began the
                  | quest for the Orb.
     0 | D:1      | Reached XP level 1. HP: 14/14 MP: 3/3
     0 | D:1      | Noticed a demonspawn
     6 | D:1      | Noticed a merfolk zombie
    17 | D:1      | Noticed a demonspawn
    17 | D:1      | Noticed an ogre
    19 | D:1      | Noticed a vampire
    21 | D:1      | Noticed a demigod
   451 | D:1      | Found a faded altar of an unknown god.
   652 | D:1      | Reached XP level 2. HP: 18/20 MP: 1/5
  1271 | D:2      | Slain by a gnoll

Illustrated notes

Levels and vault maps discovered:
D:1:      shiori_arrival_whats_in_store_for_you, layout_basic,
          ebering_ecumenical_altar_sacrificial, chequers_serial_rivers_small_3,
          hangedman_feature_mirror
D:2:      minmay_spotlight, layout_basic, minmay_misc_feat_ornament,
          minivault_27, uniq_robin

Action                   || total
-------------------------++-------
Melee: Unarmed           ||    18
       Tailslap          ||     1
 Cast: Foxfire           ||    28
Armor: Skin              ||    18
Dodge: Dodged            ||    21
